[Event "*** Titled Tuesday Blitz"]
[Site "Chess.com"]
[Date "2021.02.09"]
[Round "3"]
[White "Forantes"]
[Black "francyIM"]
[Result "0-1"]
[WhiteElo "2374"]
[BlackElo "2557"]
[TimeControl "180+1"]
[EndTime "10:29:11 PST"]
[Termination "francyIM won by checkmate"]

1. Nf3 d6 2. d4 Nf6 3. g3 Nbd7 4. Bg2 e5 5. dxe5 dxe5 6. O-O Be7 7. b3 O-O 8. Bb2 Bd6 9. Nc3 a6 10. Ng5 Qe7 11. Nge4 Nxe4 12. Nxe4 Ba3 13. Bc3 Bb4 14. Bb2 Ba3 15. Bxa3 Qxa3 16. Qc1 Qe7 17. Qb2 Nb6 18.
Rad1 Bf5 19. c4 Rad8 20. Nc3 c6 21. Ne4 Bg6 22. Rd2 f5 23. Nc3 Rxd2 24. Qxd2 Rd8 25.
Qe3 Rd4 26. Rd1 Qd7 27. Rc1 Qd6 28. Bh3 h6 29. Qf3 e4 30. Qg2 Qa3 31. Rf1 Nxc4 32. e3 Rd6 33. Nxe4 fxe4 34. bxc4 Qxa2 35. g4 Qxc4 36. g5 Bh5 37. Bg4 Bxg4 38. Qxg4 hxg5 39. h4 gxh4 40. Qc8+ Kh7 41. Qxb7 Rg6+ 42. Kh2 Qxf1 43. f3 Qg2# 0-1

[Event "*** Titled Tuesday Blitz"]
[Site "Chess.com"]
[Date "2021.02.09"]
[Round "3"]
[White "NovikovaGalina"]
[Black "PriSachu"]
[Result "1-0"]
[WhiteElo "2380"]
[BlackElo "2521"]
[TimeControl "180+1"]
[EndTime "10:29:11 PST"]
[Termination "NovikovaGalina won on time"]

1. e4 e5 2. Nf3 Nc6 3. d4 exd4 4. Nxd4 Nf6 5. Nxc6 bxc6 6. Qe2 Bc5 7. Nc3 Rb8 8. b3 O-O 9. Bb2 Qe7 10. O-O-O Ba3 11. f3 Bxb2+ 12. Kxb2 d6 13. g4 Nd7 14. h4 Nc5 15. h5 Qe5 16. Qc4 Qf6 17. Qd4 Qxf3 18. Be2 Qf6 19. Qxf6 gxf6 20. Rdg1 h6 21. Rf1 Kg7 22.
Rf4 Be6 23. Rhf1 Nd7 24. Bd3 Rfe8 25. Ne2 c5 26. Ng3 c4 27. Be2 cxb3 28. axb3 a5 29. Kc3 Rb6 30. Bc4 a4 31. Nf5+ Bxf5 32. gxf5 a3 33.
Rg1+ Kh7 34. Rfg4 Ne5 35. Rg7+ Kh8 36. Bxf7 Rc6+ 37. Kb4 Ra8 38. Bd5 Rb6+ 39. Kc3 Rc8 40.
Re7 c6 41. Be6 Ra8 42. Rgg7 Nf7 43. Rgxf7 1-0

[Event "*** Titled Tuesday Blitz"]
[Site "Chess.com"]
[Date "2021.02.09"]
[Round "3"]
[White "Kaponov"]
[Black "Balla_Tamas"]
[Result "0-1"]
[WhiteElo "2209"]
[BlackElo "2481"]
[TimeControl "180+1"]
[EndTime "10:29:11 PST"]
[Termination "Balla_Tamas won on time"]

1. d4 f5 2. c4 Nf6 3. g3 e6 4. Bg2 d5 5. Qb3 c6 6. Nh3 Bd6 7. O-O O-O 8. Bf4 Be7 9. Bxb8 Rxb8 10. e3 b6 11. Nd2 Bd6 12. Rfc1 Bb7 13. cxd5 exd5 14.
Qa4 a5 15. a3 Ne4 16. Qc2 Qe7 17. Re1 g5 18. f3 Nxg3 19. hxg3 Bxg3 20. Nf2 Qf6 21.
Nf1 Bd6 22. e4 fxe4 23. fxe4 Qxd4 24. Rad1 Qc5 25. Qxc5 Bxc5 26. Ne3 d4 27. Nf5 Rbd8 28. Nd3 Ba6 29. Bh3 Bxd3 30. Rxd3 b5 31. e5 Bb6 32. e6 Rfe8 33. e7 Rd5 34. Nh6+ Kg7 35. Nf5+ Kg6 36. Ng3 Rd6 37. Bg2 c5 38. Rf3 c4 39. Ne4 Rxe7 40.
Nxd6 Rxe1+ 41. Kh2 Bc7 0-1

[Event "*** Titled Tuesday Blitz"]
[Site "Chess.com"]
[Date "2021.02.09"]
[Round "3"]
[White "JiiHart"]
[Black "kai_nov"]
[Result "1-0"]
[WhiteElo "2108"]
[BlackElo "2384"]
[TimeControl "180+1"]
[EndTime "10:29:11 PST"]
[Termination "JiiHart won on time"]

1. e4 c5 2. Nf3 Nc6 3. d4 cxd4 4. Nxd4 Nf6 5. Nc3 e5 6. Ndb5 d6 7. Bg5 a6 8. Bxf6 gxf6 9. Na3 b5 10. Nd5 f5 11. Bd3 Be6 12. Qh5 Rg8 13. O-O-O Rxg2 14. Rhg1 Rg4 15. Rxg4 fxg4 16. Qxh7 Qg5+ 17. Kb1 Rc8 18. Qh8 Nd4 19. c3 Nf3 20. Nxb5 Bxd5 21. Nxd6+ Kd7 22. Nxc8 Nd2+ 23. Ka1 Bg7 24. Nb6+ Kc6 25. exd5+ Kxb6 26. Qb8+ Kc5 27. Qc7+ Kxd5 28. Bc4+ Ke4 29. Qc6+ Kf5 30. Bxf7 Qf4 31. Qe6+ Ke4 32. Qd5+ Kf5 33. Qxd2 Qf3 34. Qd3+ e4 35. Qd5+ Kf6 36. Qe6+ Kg5 37. Qg6+ 1-0

[Event "*** Titled Tuesday Blitz"]
[Site "Chess.com"]
[Date "2021.02.09"]
[Round "3"]
[White "TheBigBoss04"]
[Black "serhanberat_ozdemir"]
[Result "0-1"]
[WhiteElo "2740"]
[BlackElo "2471"]
[TimeControl "180+1"]
[EndTime "10:29:13 PST"]
[Termination "serhanberat_ozdemir won by checkmate"]

1. c4 Nf6 2. Nc3 g6 3. g3 Bg7 4.
Bg2 O-O 5. e4 d6 6. Nge2 c5 7. d3 Nc6 8. h3 Ne8 9. Be3 a6 10. Qd2 Rb8 11. Rc1 Nc7 12. d4 cxd4 13.
Nxd4 Bd7 14. O-O Nxd4 15. Bxd4 b5 16. Bxg7 Kxg7 17. cxb5 axb5 18. Rfd1 b4 19. Ne2 Ne6 20. e5 Rb6 21. Nf4 Nxf4 22. Qxf4 Be6 23. Rd4 Bxa2 24. Rcd1 d5 25. Bxd5 Bxd5 26. Rxd5 Qc8 27. Rd7 Re6 28.
h4 Qc2 29. R1d2 Qc5 30. R7d5 Qc1+ 31. Kh2 Ra8 32. h5 gxh5 33. Qf3 Ra1 34. Qg2 Rg6 35. R2d4 Qxb2 36. Rd2 Qb1 37. Rd7 h4 38. g4 h3 39. Kxh3 Ra3+ 40. f3 Rh6+ 41. Kg3 Qe1+ 42. Rf2 Qxe5# 0-1

[Event "*** Titled Tuesday Blitz"]
[Site "Chess.com"]
[Date "2021.02.09"]
[Round "3"]
[White "BJthechessgod"]
[Black "esrosenberg"]
[Result "0-1"]
[WhiteElo "2284"]
[BlackElo "2047"]
[TimeControl "180+1"]
[EndTime "10:29:13 PST"]
[Termination "esrosenberg won on time"]

1. e4 e6 2. d4 d5 3. Nc3 Bb4 4. e5 c5 5. a3 Bxc3+ 6. bxc3 Ne7 7.
Nf3 b6 8. a4 Ba6 9. Bb5+ Bxb5 10. axb5 Qd7 11. Qe2 c4 12. Rb1 a6 13. bxa6 Rxa6 14.
O-O Qa7 15. Ng5 Nbc6 16. Qh5 Ng6 17. f4 Ra2 18. f5 exf5 19. Rxf5 Rxc2 20. Rxf7 Qa2 21.
Qg4 Rxg2+ 22. Qxg2 Qxb1 23. Qf1 h6 24. Ne6 Ncxe5 25.
Nxg7+ Kd8 26. Ne6+ Kc8 27. dxe5 Nxe5 28. Rc7+ Kb8 29.
Bf4 Rg8+ 30. Kf2 Nd3+ 31. Ke2 Qxf1+ 32. Kxf1 Nxf4 33. Re7 Nxe6 34. Rxe6 Kc7 35. Rxh6 Rd8 36. h4 d4 37. cxd4 c3 38. Ke2 Rxd4 39. Rh7+ Kc6 40.
Rh8 Rd7 41. h5 Kb7 42. h6 c2 0-1

[Event "*** Titled Tuesday Blitz"]
[Site "Chess.com"]
[Date "2021.02.09"]
[Round "3"]
[White "rpragchess"]
[Black "albi1999"]
[Result "1-0"]
[WhiteElo "2861"]
[BlackElo "2621"]
[TimeControl "180+1"]
[EndTime "10:29:14 PST"]
[Termination "rpragchess won on time"]

1. Nc3 d5 2. e4 dxe4 3. Nxe4 Nf6 4. Nxf6+ exf6 5. Nf3 Bd6 6. Bb5+ c6 7. Qe2+ Qe7 8. Qxe7+ Bxe7 9. Bc4 O-O 10. O-O Bf5 11. c3 Nd7 12. d4 Bd6 13. Be3 b5 14. Bb3 Nb6 15. Rac1 a5 16. Bc2 Bxc2 17. Rxc2 a4 18.
b3 axb3 19. axb3 Ra3 20. c4 Bb4 21. d5 c5 22. Nd2 Rc8 23. Ne4 bxc4 24. bxc4 Ra4 25.
Rb1 h6 26. g4 Nd7 27. Bf4 Rca8 28. Kg2 Ra2 29. Rbb2 Ra1 30. Bd2 Bxd2 31. Nxd2 Ne5 32. Rb5 R8a2 33. Rcb2 Rxb2 34. Rxb2 Rc1 35. d6 Ra1 36.
Nb3 Rd1 37. Nd2 g6 38. f4 1-0

[Event "*** Titled Tuesday Blitz"]
[Site "Chess.com"]
[Date "2021.02.09"]
[Round "3"]
[White "esapunov"]
[Black "eduardoperalta"]
[Result "1-0"]
[WhiteElo "2732"]
[BlackElo "2390"]
[TimeControl "180+1"]
[EndTime "10:29:14 PST"]
[Termination "esapunov won on time"]

1. c4 c5 2. Nf3 Nc6 3. Nc3 e5 4. e3 g6 5. d4 Bg7 6. dxc5 Nge7 7. Be2 O-O 8. O-O Qa5 9. a3 Qxc5 10. b4 Qb6 11.
Bb2 Qd8 12. Qd2 a6 13. Rfd1 Rb8 14. Ng5 Nf5 15. Nge4 b6 16. Rac1 Qe7 17. Bg4 d6 18. Nd5 Qd8 19. Bh3 Be6 20. a4 Kh8 21. Ba3 Nh4 22.
Bxe6 fxe6 23. Ndc3 Nf5 24. Nxd6 Qg5 25. Nce4 Qh6 26.
b5 axb5 27. cxb5 Na5 28. Nxf5 gxf5 29. Bxf8 Rxf8 30. Nd6 Nb3 31. Qc2 Nxc1 32. Rxc1 e4 33. g3 e5 34. Qc6 Qh5 35. Qd7 f4 36. exf4 exf4 37. Nxe4 f3 38. a5 Qg6 39. Qc6 Qh6 40. Kh1 bxa5 41. b6 Qxc6 42. Rxc6 Rb8 43. b7 1-0

[Event "*** Titled Tuesday Blitz"]
[Site "Chess.com"]
[Date "2021.02.09"]
[Round "3"]
[White "Guzman70"]
[Black "Agibileg"]
[Result "0-1"]
[WhiteElo "2258"]
[BlackElo "2504"]
[TimeControl "180+1"]
[EndTime "10:29:14 PST"]
[Termination "Agibileg won by resignation"]

1. d4 Nf6 2. Bf4 g6 3. Nc3 d5 4.
Nb5 Na6 5. c4 Bg7 6. e3 O-O 7.
Nf3 Bg4 8. c5 Ne4 9. Be2 c6 10.
Nc3 Nxc3 11. bxc3 Nxc5 12. dxc5 Bxc3+ 13. Kf1 Bxf3 14. Bxf3 e5 15. Bh6 Re8 16. Rc1 Qa5 17.
Qb3 Bb4 18. h4 Bxc5 19. h5 Rab8 20. g3 Be7 21. Kg2 Bf6 22. Rh2 g5 23. e4 d4 24.
Qd3 Qd8 25. Bg4 Qd6 26. f4 exf4 27. gxf4 Qxf4 28. Qf3 Be5 29. Qxf4 Bxf4 30. Rf1 Rxe4 31. Bf5 Re2+ 32. Kf3 Rxh2 33. Ke4 f6 34. Rxf4 gxf4 35.
Bxf4 Rxh5 36. Be6+ Kh8 37. Bxb8 Ra5 38. Bf4 Kg7 39.
Bf5 c5 40. Bd6 b6 41. Be6 Kg6 42. a4 Rxa4 43. Bd7 Kg5 44. Bc6 Ra3 45. Ba4 Rxa4 46. Bf4+ Kg4 0-1

[Event "*** Titled Tuesday Blitz"]
[Site "Chess.com"]
[Date "2021.02.09"]
[Round "3"]
[White "canary2016"]
[Black "Homino"]
[Result "0-1"]
[WhiteElo "1995"]
[BlackElo "2284"]
[TimeControl "180+1"]
[EndTime "10:29:15 PST"]
[Termination "Homino won by checkmate"]

1. Nf3 c5 2. c4 Nc6 3. Nc3 g6 4. d4 cxd4 5. Nxd4 Nf6 6. e4 Nxd4 7. Qxd4 d6 8. Be3 Bg7 9. Be2 O-O 10. Qd2 Be6 11. O-O a5 12. Bf3 a4 13. Rfd1 Bxc4 14. e5 dxe5 15. Bxb7 Rb8 16. Bc6 a3 17. bxa3 Qa5 18.
Nd5 Qxa3 19. Nxe7+ Qxe7 20. Qc3 Ba6 21. Bc5 Qc7 22. Bd6 Ne4 23. Bxc7 Nxc3 24. Bxb8 Nxd1 25. Bd6 Rc8 26. Bf3 Nc3 27. Re1 e4 28. Be2 Nxe2+ 29. Kh1 Rc1 30. Rxc1 Nxc1 31. Bf4 Nxa2 32. Be3 f5 33. h3 Nc3 34. Kh2 Nd5 35. Bc5 Kf7 36. f3 Be5+ 37. Kg1 e3 38. Bb4 Nxb4 39. g4 f4 40. g5 e2 41. h4 e1=Q+ 42. Kg2 Qg3+ 43. Kh1 Qxf3+ 44. Kg1 Bd4+ 45. Kh2 Qg3+ 46. Kh1 Bb7# 0-1

[Event "*** Titled Tuesday Blitz"]
[Site "Chess.com"]
[Date "2021.02.09"]
[Round "3"]
[White "Soledadense88"]
[Black "MIJuanReyesRosa"]
[Result "0-1"]
[WhiteElo "2306"]
[BlackElo "2113"]
[TimeControl "180+1"]
[EndTime "10:29:16 PST"]
[Termination "MIJuanReyesRosa won on time"]

1. e4 c5 2. Nf3 e6 3. d4 cxd4 4. Nxd4 a6 5. Nc3 Qc7 6. g4 b5 7. Bg2 Bb7 8. O-O d6 9. Re1 Nf6 10. g5 Nfd7 11. Qg4 Ne5 12. Qg3 Be7 13. f4 Nc4 14. b3 Nb6 15. Bb2 Nc6 16. Nxc6 Bxc6 17. Kh1 O-O-O 18. a4 f5 19. axb5 axb5 20. exf5 exf5 21.
Qf2 Rhe8 22. Ra6 Bxg2+ 23. Qxg2 Qb7 24. Rxb6 Qxb6 25. Nd5 Qb7 26. c4 Bf8 27. Ra1 Kb8 28. Bd4 Re4 29. Ba7+ Qxa7 30. Rd1 Rde8 31. Qd2 Qb7 32.
cxb5 Re2 33. Qd4 Re1+ 34. Rxe1 Rxe1+ 35. Kg2 Re4 36. Qd3 g6 37. Kg3 Re8 0-1

[Event "*** Titled Tuesday Blitz"]
[Site "Chess.com"]
[Date "2021.02.09"]
[Round "3"]
[White "Fusikk"]
[Black "PSvidler"]
[Result "0-1"]
[WhiteElo "2634"]
[BlackElo "2885"]
[TimeControl "180+1"]
[EndTime "10:29:17 PST"]
[Termination "PSvidler won by resignation"]

1. d4 Nf6 2. c4 g6 3. Nc3 d5 4. Bg5 Ne4 5. Bf4 Nxc3 6. bxc3 dxc4 7. e3 Be6 8. Qb1 b6 9. Nf3 Bg7 10. Ng5 Bd5 11. e4 h6 12. exd5 hxg5 13. Qb5+ Qd7 14. Qxd7+ Nxd7 15. Bxg5 b5 16. a4 b4 17. cxb4 Bxd4 18.
Rc1 c3 19. Bb5 Rb8 20. Ke2 a6 21. Bxa6 Rxb4 22. Rb1 Rb2+ 23. Rxb2 cxb2 24. Bd3 Nc5 25. Be3 Nxd3 26. Kxd3 Rxh2 27. Rb1 Bxe3 28. Kxe3 Rxg2 29. Rxb2 Rg4 30. Ra2 Kd7 31. a5 Kc8 32. a6 Kb8 33. Rb2+ Ka8 34. Rb7 Rc4 35. Kd3 Rc1 36. f4 f6 37. Kd2 Rc5 38. Ke3 Rxd5 39. Rxc7 e5 40. Rg7 exf4+ 41. Kxf4 g5+ 42. Kg3 Ra5 43. Rf7 Rxa6 44.
Kf3 Kb8 45. Kg3 Kc8 46. Kf3 Kd8 47. Kg3 Ke8 48. Rb7 Kf8 49. Rb4 Kf7 50. Kg4 Kg6 51. Rb5 Ra4+ 0-1

[Event "*** Titled Tuesday Blitz"]
[Site "Chess.com"]
[Date "2021.02.09"]
[Round "3"]
[White "BrandonJacobson"]
[Black "DanilNajdin"]
[Result "1-0"]
[WhiteElo "3000"]
[BlackElo "2467"]
[TimeControl "180+1"]
[EndTime "10:29:18 PST"]
[Termination "BrandonJacobson won by checkmate"]

1. d4 f5 2. c4 Nf6 3. g3 e6 4. Bg2 c6 5. Nf3 d5 6. O-O Bd6 7. Nc3 O-O 8. Qc2 Qe7 9. Bg5 h6 10. Bf4 Bxf4 11. gxf4 Bd7 12. Ne5 Be8 13. e3 Nbd7 14.
cxd5 Nxd5 15. Kh1 Bh5 16. Nxd5 exd5 17. Rg1 Nf6 18. Bh3 Ne4 19. f3 Nd6 20. Rg3 Kh7 21.
Rag1 Rf6 22. Rxg7+ Qxg7 23. Rxg7+ Kxg7 24. Qf2 Raf8 25. Bf1 Kh7 26. Qh4 Be8 27. Bd3 Kg7 28.
Qg3+ Kh8 29. Qe1 Rg8 30. Qa5 Bh5 31. Qc7 Nf7 32. Qe7 Nxe5 33. Qxf6+ Rg7 34. Qf8+ Kh7 35.
Bxf5+ Ng6 36. Qf6 Bxf3+ 37. Kg1 Be4 38. Bxe4 dxe4 39. Kf2 Ne7 40. Qe5 Kg8 41. Qxe4 Nd5 42. Qe6+ Kh7 43. f5 Re7 44. Qg6+ Kh8 45. f6 Re6 46.
Qg7# 1-0

[Event "*** Titled Tuesday Blitz"]
[Site "Chess.com"]
[Date "2021.02.09"]
[Round "3"]
[White "malakismayil"]
[Black "MFBerna"]
[Result "1-0"]
[WhiteElo "2367"]
[BlackElo "2517"]
[TimeControl "180+1"]
[EndTime "10:29:19 PST"]
[Termination "malakismayil won by resignation"]

1. e4 c6 2. d4 d5 3. exd5 cxd5 4. Bd3 Nc6 5. c3 g6 6. h3 Bg7 7. Nf3 Nh6 8. O-O O-O 9. Re1 f6 10. Bb5 Nf7 11. Bxc6 bxc6 12. Bf4 Re8 13. Nbd2 e5 14. Be3 Rb8 15. b4 e4 16. Nh2 f5 17.
Nb3 Qc7 18. Qd2 Nd6 19. Bf4 Qd8 20. Qc1 Rb7 21. Nc5 Rf7 22. Nf1 Bf6 23. g3 g5 24.
Be3 Nc4 25. a4 Rg7 26. Nd2 f4 27. Nxc4 dxc4 28. Bd2 e3 29. fxe3 fxg3 30. e4 Bxh3 31. e5 Qd5 32. Re2 Be7 33. Ne4 Rf8 34. Qe1 Rf1+ 35. Qxf1 Bxf1 36. Rxf1 h5 37. Nxg3 h4 38.
Nf5 Rh7 39. Kh2 Bf8 40. Bxg5 h3 41. Rg1 Kh8 42. Bf6+ Bg7 43. Nxg7 Rxg7 44. Rxg7 Qf3 45. Rg3+ 1-0

[Event "*** Titled Tuesday Blitz"]
[Site "Chess.com"]
[Date "2021.02.09"]
[Round "3"]
[White "Onischuk_V"]
[Black "Korchmar_Vasiliy"]
[Result "1-0"]
[WhiteElo "2829"]
[BlackElo "2600"]
[TimeControl "180+1"]
[EndTime "10:29:20 PST"]
[Termination "Onischuk_V won on time"]

1. e4 c5 2. Ne2 Nc6 3. g3 d5 4.
Bg2 dxe4 5. Nbc3 Nf6 6. Nxe4 Nxe4 7. Bxe4 Bg4 8. h3 Bh5 9. d3 Qb6 10. Be3 e6 11. Qd2 Qxb2 12. O-O Qb6 13. Nf4 Bg6 14.
Nxg6 hxg6 15. Qe2 Bd6 16. h4 Qc7 17. Rab1 Rc8 18. c3 b6 19. d4 O-O 20. d5 exd5 21.
Bxd5 Ne7 22. Bc4 Nf5 23. Bg5 Rfe8 24. Qf3 Be7 25. Bf4 Bd6 26. Bd2 Rcd8 27. Rbd1 Be5 28.
h5 Nd6 29. Bd5 gxh5 30. Bg5 Rd7 31. Qxh5 Nf5 32. Rfe1 Rf8 33. Qf3 Ne7 34. Bc4 Rxd1 35. Rxd1 Ng6 36. Qf5 Ne7 37. Qd7 Qxd7 38. Rxd7 Nc6 39.
Bd5 Na5 40. Be7 Re8 41. Bd6 Bxd6 42. Bxf7+ Kf8 43. Bxe8 Bxg3 44. Bg6 1-0

[Event "*** Titled Tuesday Blitz"]
[Site "Chess.com"]
[Date "2021.02.09"]
[Round "3"]
[White "Skatchkov_V"]
[Black "alexrustemov"]
[Result "0-1"]
[WhiteElo "2520"]
[BlackElo "2760"]
[TimeControl "180+1"]
[EndTime "10:29:20 PST"]
[Termination "alexrustemov won by resignation"]

1. d4 d5 2. c4 c6 3. Nf3 Nf6 4.
Nc3 dxc4 5. a4 Bf5 6. Ne5 Nbd7 7. Nxc4 Nb6 8. Ne5 a5 9. h4 Nfd7 10. e4 Be6 11. Nd3 Bc4 12. Be3 e6 13. Qg4 Nf6 14.
Qg3 Bb4 15. f3 O-O 16. Rc1 Nxa4 17. Nxb4 Bxf1 18. Nxc6 bxc6 19. Nxa4 Bb5 20. Nc5 Kh8 21. h5 h6 22. Qf4 a4 23. g4 Nh7 24. Qe5 Kg8 25.
f4 Re8 26. Nb7 Qb6 27. Nd6 Red8 28. g5 hxg5 29. fxg5 Qc7 30. Bf4 Qxd6 31. Qxd6 Rxd6 32. Bxd6 Nxg5 33. Rh4 Nf3+ 34. Kf2 Nxh4 35. Kg3 g5 36.
Be7 a3 37. Bxg5 axb2 38. Rb1 Ra2 39. Kxh4 Bd3 40. Rg1 b1=Q 41. Bc1+ Kh7 0-1

[Event "*** Titled Tuesday Blitz"]
[Site "Chess.com"]
[Date "2021.02.09"]
[Round "3"]
[White "googlegoom"]
[Black "AlexTriapishko"]
[Result "0-1"]
[WhiteElo "2551"]
[BlackElo "2851"]
[TimeControl "180+1"]
[EndTime "10:29:20 PST"]
[Termination "AlexTriapishko won by resignation"]

1. Nf3 c5 2. b3 Nc6 3. Bb2 d6 4.
d4 cxd4 5. Nxd4 Bd7 6. e3 Nf6 7. Be2 g6 8. O-O Bg7 9. c4 O-O 10. Nd2 a6 11. Rc1 b5 12. Bf3 Rc8 13. h3 Nb4 14.
cxb5 Nd3 15. Rxc8 Qxc8 16. Ba1 Bxb5 17. Nxb5 axb5 18. a4 bxa4 19. bxa4 Nc5 20. Bd4 Qa6 21. Bxc5 dxc5 22. Qc2 Nd7 23. Nc4 Rb8 24. a5 Rb4 25. Rc1 Bf6 26. Be2 Qa7 27. Rb1 Qb7 28.
Rxb4 cxb4 29. Qb3 Nc5 30. Qb1 b3 31. Nb2 Qa7 32. Nc4 Kg7 33. Bd1 Qb7 34. Nd2 b2 35. Bc2 Qb4 36. Ne4 Nxe4 37. Bxe4 Qxa5 38. Bc2 h5 39.
Bd3 h4 40. Bc2 Qd2 41. Qd1 Qxd1+ 0-1

[Event "*** Titled Tuesday Blitz"]
[Site "Chess.com"]
[Date "2021.02.09"]
[Round "3"]
[White "EugeneRougon"]
[Black "eCztery"]
[Result "1-0"]
[WhiteElo "2713"]
[BlackElo "2483"]
[TimeControl "180+1"]
[EndTime "10:29:20 PST"]
[Termination "EugeneRougon won by resignation"]

1. e4 c5 2. Nf3 g6 3. c4 Nc6 4. d4 cxd4 5. Nxd4 Nf6 6. Nc3 Nxd4 7. Qxd4 d6 8. Be3 Bg7 9. f3 O-O 10. Qd2 a5 11. Be2 a4 12. O-O Qa5 13. Rfd1 Be6 14. Nb5 Qxd2 15. Rxd2 Rfc8 16. Rc1 Nd7 17. Rdc2 Nc5 18.
Kf2 Kf8 19. g4 Bd7 20. Nc3 Bc6 21. Nd5 Bxd5 22. cxd5 Ke8 23. Bb5+ Kd8 24. Ke2 a3 25. b4 Nd7 26. Rxc8+ Rxc8 27. Rxc8+ Kxc8 28. Bxd7+ Kxd7 29. Kd3 Bb2 30. Kc4 h5 31. h3 Kc7 32. Kb5 e6 33.
Kc4 Kd7 34. b5 f5 35. dxe6+ Kxe6 36. exf5+ gxf5 37. gxh5 Ke5 38. h6 f4 39. h7 d5+ 40.
Kd3 fxe3 41. h8=Q+ Kd6 42. Qf8+ Kc7 43. Kxe3 Kb6 44.
Qd6+ Kxb5 45. Qxd5+ Ka6 46. Kd3 b5 47. Qc6+ Ka5 48. Kc2 Kb4 49. h4 Bd4 50. h5 Bc5 51. h6 Kc4 52. h7 b4 53. h8=Q 1-0

[Event "*** Titled Tuesday Blitz"]
[Site "Chess.com"]
[Date "2021.02.09"]
[Round "3"]
[White "elextranjero00"]
[Black "JSMastropiero"]
[Result "0-1"]
[WhiteElo "2585"]
[BlackElo "2434"]
[TimeControl "180+1"]
[EndTime "10:29:20 PST"]
[Termination "JSMastropiero won by resignation"]

1. d4 d5 2. c4 dxc4 3. e3 Nf6 4. Bxc4 e6 5. Nf3 c5 6. O-O a6 7. Bb3 b5 8. a4 b4 9. Nbd2 Bb7 10.
e4 Nxe4 11. Nxe4 Bxe4 12. Re1 Bd5 13. Bg5 f6 14. dxc5 Kf7 15. Bf4 Nc6 16. Qd3 Bxb3 17. Qxb3 Qd5 18. Qxd5 exd5 19. Rad1 Rd8 20. Bc7 Rd7 21.
Bb6 d4 22. Kf1 Rd5 23. Rc1 d3 24. Red1 Be7 25. Rc4 Rc8 26. Nd2 Ne5 27. Rcc1 Bxc5 28. Ne4 Bxb6 29. Rxc8 Bd4 30. f4 Ng4 31. Rxd3 Nxh2+ 32. Ke2 Ke6 33. Rc6+ Kf5 34. Ng3+ Kg4 35. Rc4 Kxf4 36.
Rcxd4+ Rxd4 37. Rxd4+ Kxg3 38. Rd7 g5 39. Rxh7 Ng4 40.
Kf1 Ne3+ 41. Kg1 f5 42. Re7 Nxg2 43. Re5 Nh4 44. Rb5 g4 45. Rxb4 f4 46. Rb3+ f3 47. Kf1 Ng2 48. Rb6 Ne3+ 0-1

[Event "*** Titled Tuesday Blitz"]
[Site "Chess.com"]
[Date "2021.02.09"]
[Round "3"]
[White "ljuks68"]
[Black "dukicz123"]
[Result "0-1"]
[WhiteElo "2381"]
[BlackElo "2562"]
[TimeControl "180+1"]
[EndTime "10:29:20 PST"]
[Termination "dukicz123 won by resignation"]

1. e4 e5 2. Nf3 Nc6 3. Bb5 a6 4. Ba4 Nf6 5. Qe2 b5 6. Bb3 Bc5 7. c3 O-O 8. d3 d5 9. Bg5 d4 10.
Bd5 Bb7 11. Bxc6 Bxc6 12. Nxe5 Bb7 13. Nf3 dxc3 14. bxc3 h6 15. Bh4 Be7 16. O-O Qd7 17. Nbd2 Rad8 18. d4 Rfe8 19. Ne5 Qc8 20. f3 c5 21. Bf2 Bd6 22. Nd3 cxd4 23. cxd4 Bb8 24. Rfc1 Qd7 25. Nc5 Qe7 26. Nxb7 Qxb7 27. Nb3 Nd5 28.
Nc5 Qe7 29. g3 Qf6 30. Nxa6 Qxa6 31. Rc5 Nc7 32. Rac1 Ne6 33. Rc6 Qa3 34. d5 Ng5 35. Kg2 Rxd5 36. Rc8 Rdd8 37. Rxd8 Rxd8 38. Rc2 Kh7 39.
h4 Ne6 40. Qxb5 g6 41. Qb7 Kg7 42. Rc8 Rxc8 43. Qxc8 Be5 44. Qc4 Qb2 45. f4 Bd4 46.
f5 Qxf2+ 47. Kh3 gxf5 48. exf5 Qxf5+ 0-1

[Event "*** Titled Tuesday Blitz"]
[Site "Chess.com"]
[Date "2021.02.09"]
[Round "3"]
[White "StockholmMissile"]
[Black "andy_rekt"]
[Result "1-0"]
[WhiteElo "2496"]
[BlackElo "2240"]
[TimeControl "180+1"]
[EndTime "10:29:20 PST"]
[Termination "StockholmMissile won by resignation"]

1. d4 f5 2. Nf3 Nf6 3. Bg5 Ne4 4. h4 h6 5. Bf4 g6 6. Nbd2 d6 7. e3 Bg7 8. Bd3 Nxd2 9. Qxd2 Nc6 10. Bg3 e5 11.
dxe5 dxe5 12. Bb5 Qxd2+ 13. Kxd2 Bd7 14. Bxc6 Bxc6 15. Bxe5 O-O-O+ 16. Kc3 Bxf3 17. Bxg7 Bxg2 18. Rhg1 Rh7 19. Bxh6 Rxh6 20. Rxg2 Rxh4 21. Rxg6 Rh2 22. Rf1 Rh3 23. Rf6 Rf3 24. b3 a5 25. a4 c6 26.
Rf7 Kb8 27. Rg7 Ka7 28. Rg3 Rxg3 29. fxg3 Rg8 30. Rxf5 Rxg3 31. Rxa5+ Kb6 32. Re5 Kc7 33. Kd3 Kd6 34. Re8 Kc5 35. Re7 b5 36. a5 b4 37. a6 Kb6 38. a7 Rg8 39. e4 Rd8+ 40. Ke3 Kc5 41. Kf4 Kd4 42. Rd7+ Rxd7 43. a8=Q Rf7+ 44.
Kg5 1-0

[Event "*** Titled Tuesday Blitz"]
[Site "Chess.com"]
[Date "2021.02.09"]
[Round "3"]
[White "youngKID"]
[Black "UCantHandleDenker"]
[Result "1-0"]
[WhiteElo "2845"]
[BlackElo "2611"]
[TimeControl "180+1"]
[EndTime "10:29:21 PST"]
[Termination "youngKID won by checkmate"]

1. e4 c5 2. Nf3 d6 3. Bb5+ Bd7 4. a4 g6 5. O-O Bg7 6. Re1 a6 7. Bxd7+ Qxd7 8. c3 Nc6 9. d4 Nf6 10. d5 Ne5 11. Nxe5 dxe5 12. a5 Qc7 13. Nd2 Nd7 14. Nc4 O-O 15. Bg5 f6 16. Be3 f5 17. f3 Rad8 18.
d6 exd6 19. Qd5+ Kh8 20. Qxd6 Qc8 21. exf5 gxf5 22. Rad1 e4 23. Qe7 Nf6 24. Nd6 Qd7 25.
Nf7+ Rxf7 26. Qxd8+ Qxd8 27. Rxd8+ Ng8 28. fxe4 fxe4 29.
Bxc5 h6 30. Rxe4 Kh7 31. Bd4 Bxd4+ 32. Rexd4 Nf6 33. h3 Re7 34. Rb8 Kg6 35. Rb4 Nd5 36. R4xb7 Re1+ 37. Kf2 Rc1 38. Rd8 Nf4 39. Rd6+ Kf5 40.
Rxa6 Nd3+ 41. Ke3 Ne5 42. Rb5 Re1+ 43. Kd2 Rg1 44. g4+ Ke4 45. Re6 Rg2+ 46. Kc1 Kd3 47. Rd5+ Kc4 48. Rdxe5 Kb3 49. Rb6+ Ka4 50. Rb4# 1-0

[Event "*** Titled Tuesday Blitz"]
[Site "Chess.com"]
[Date "2021.02.09"]
[Round "3"]
[White "chess4life23"]
[Black "Vincent_Vega95"]
[Result "1/2-1/2"]
[WhiteElo "2334"]
[BlackElo "2720"]
[TimeControl "180+1"]
[EndTime "10:29:21 PST"]
[Termination "Game drawn - insufficient material"]

1. d4 Nf6 2. c4 g6 3. Nc3 Bg7 4. e4 d6 5. Be2 O-O 6. Nf3 e5 7. O-O Nbd7 8. Re1 a6 9. Bf1 Rb8 10. Qc2 h6 11. h3 exd4 12. Nxd4 Re8 13. Be3 Nc5 14. f3 Bd7 15. Rad1 Nh5 16. Qf2 a5 17. g4 Nf6 18. Bg2 b6 19. Qd2 h5 20. Bg5 Qc8 21.
Nd5 Nh7 22. gxh5 Bxd4+ 23. Qxd4 Ne6 24. Nf6+ Nxf6 25. Qxf6 Nxg5 26. Qxg5 Re5 27. Qg3 Rxh5 28. h4 Qd8 29. e5 Qxh4 30. Qxh4 Rxh4 31. exd6 cxd6 32.
Rxd6 Be6 33. b3 Kf8 34. Red1 Ke7 35. Kf2 g5 36. R1d2 Rf4 37. Kg3 a4 38. Bf1 a3 39. b4 Rb7 40. c5 bxc5 41. bxc5 Rb2 42. Rxb2 axb2 43. Rb6 Bd5 44. Be2 Ra4 45. Rxb2 Rxa2 46.
Rxa2 Bxa2 47. Kg4 f6 48. f4 gxf4 49. Kxf4 Bd5 50. Bf3 Bxf3 51. Kxf3 Kd7 52. Kf4 Kc6 53. Kf5 Kxc5 54. Kxf6 1/2-1/2

[Event "*** Titled Tuesday Blitz"]
[Site "Chess.com"]
[Date "2021.02.09"]
[Round "3"]
[White "Abdimalik_Abdisalimov"]
[Black "onetowin"]
[Result "1-0"]
[WhiteElo "2295"]
[BlackElo "2002"]
[TimeControl "180+1"]
[EndTime "10:29:21 PST"]
[Termination "Abdimalik_Abdisalimov won by resignation"]

1. d4 Nf6 2. c4 e6 3. Nf3 d5 4. g3 Be7 5. Bg2 dxc4 6. O-O O-O 7.
Qc2 a6 8. Qxc4 b5 9. Qc2 Bb7 10. Bd2 Be4 11. Qc1 c6 12. Be3 Nd5 13. Nc3 Bg6 14. Ne5 Qb6 15. Rd1 f6 16. Nxg6 hxg6 17.
f3 Nxe3 18. Qxe3 e5 19. Kh1 Rd8 20. Qe4 Kf7 21. dxe5 f5 22. Qf4 Nd7 23. e4 Qc5 24. exf5 Qxe5 25. fxg6+ Kg8 26. Rxd7 Qxf4 27. Rxd8+ Rxd8 28. gxf4 Rd2 29. Re1 Bf6 30. Re2 Rd4 31. Ne4 Be7 32. h4 Bb4 33. Kh2 Ba5 34. Kh3 Bc7 35.
b3 Bxf4 36. Kg4 Bc7 37. f4 c5 38. f5 c4 39. bxc4 bxc4 40. Rd2 Rxd2 41. Nxd2 c3 42. Nb3 c2 43. Be4 Ba5 44. Bxc2 Bd2 45. Nxd2 1-0